 Dungeon Crawl Stone Soup version 0.20.1-1-g8b1a95d (webtiles) character file.

57 Romulous the Skirmisher (level 3, 34/34 HPs)
             Began as a Minotaur Fighter on Nov 9, 2017.
             Got out of the dungeon alive.
             The game lasted 00:03:41 (1164 turns).

Romulous the Skirmisher (Minotaur Fighter)          Turns: 1164, Time: 00:03:41

Health: 34/34      AC:  7    Str: 21    XL:     3   Next: 73%
Magic:  2/2        EV:  7    Int:  5    God:
Gold:   67         SH:  9    Dex:  9    Spells: 2/2 levels left

rFire    . . .     SeeInvis .   a - +0 war axe
rCold    . . .     Gourm    .   c - +0 shield
rNeg     . . .     Faith    .   b - +0 scale mail
rPois    .         Spirit   .   (helmet restricted)
rElec    .         Reflect  .   m - scarf {repulsion}
rCorr    .         Harm     .   (no gloves)
MR       .....                  (no boots)
Stlth    ..........             (no amulet)
Regen    0.2/turn               (no ring)
MPRegen  0.1/turn               (no ring)

@: repel missiles
A: retaliatory headbutt, horns 2
a: no special abilities


You escaped.
You were not hungry.

You visited 1 branch of the dungeon, and saw 2 of its levels.

You collected 67 gold pieces.

Inventory:

Hand Weapons
 a - a +0 war axe (weapon)
Armour
 b - a +0 scale mail (worn)
 c - a +0 shield (worn)
 m - a scarf of repulsion (worn)
Scrolls
 e - 3 scrolls of remove curse {unknown}
 g - a scroll of magic mapping {unknown}
 h - 3 scrolls of identify {unknown}
 j - a scroll of fog {unknown}
 k - a scroll of immolation {unknown}
 n - a scroll of amnesia {unknown}
 o - a scroll of teleportation {unknown}
Potions
 d - a potion of might
 i - a potion of haste {unknown}
 p - a potion of resistance {unknown}
 q - 2 potions of curing {unknown}
Comestibles
 f - 3 bread rations
 l - a chunk of flesh


   Skills:
 + Level 4.4 Fighting
 + Level 3.4 Axes
 + Level 4.0 Armour
 + Level 0.2 Dodging
 + Level 4.1 Shields


You had 2 spell levels left.
You didn't know any spells.

Dungeon Overview and Level Annotations

Branches:
Dungeon (2/15)

Altars:
Dithmenos
Ru
Uskayaw


Innate Abilities, Weirdness & Mutations

You reflexively headbutt those who attack you in melee.
You have a pair of horns on your head.


Message History

You hit the dart slug but do no damage. You headbutt the dart slug.
You kill the dart slug!
Your Armour skill increases to level 4!
You see here a dart slug corpse.
You butcher the dart slug corpse.
l - 2 chunks of flesh Eating one of 2 chunks of flesh.
You eat one of the 2 chunks of flesh.
This raw flesh tastes terrible.
There is a stone staircase leading down here.
Done exploring.
Done exploring.
You see here a scale mail.
There is a stone staircase leading up here.
You can't go down here!
You climb upwards.
There is a stone staircase leading down here.
There is a staircase leading out of the dungeon here.
You can't go down here!
Are you sure you want to leave the Dungeon?
This will make you lose the game!
You have escaped!

.......# #.....###.## ######
.......####..........# #....#
.............#.....#.### #....#
.......###...##...##...###....#
......)##....###.###..........#
..........###.##.##.###..#....#
...........###.#.#.###...#....#
............###...###...####.##
######..........@.......# #.#
#.##...###...###...# #.#
#.##..###.#.#.###..####.#
#.##.###.##.##.###......# ####
#.##....###.###.........# ...#
#.##....##...##.........#
##.###.##....#.....#.........#
.....#.#.).#.................##
####.....)....................###


There were no monsters in sight!

Vanquished Creatures
  An adder (D:2)
  An ooze (D:2)
  2 dart slugs (D:2)
  3 leopard geckos
  5 bats
  4 goblins
  6 hobgoblins
  A quokka (D:2)
  A frilled lizard (D:2)
  6 kobolds
  6 rats
36 creatures vanquished.

Notes
Turn   | Place    | Note
-------+----------+-------------------------------------------
     0 | D:1      | Romulous the Minotaur Fighter began the quest for the Orb.
     0 | D:1      | Reached XP level 1. HP: 19/19 MP: 0/0
    53 | D:1      | Reached XP level 2. HP: 16/27 MP: 1/1
   565 | D:2      | Found a shadowy altar of Dithmenos.
   645 | D:2      | Reached XP level 3. HP: 27/34 MP: 2/2
   727 | D:2      | Found a sacrificial altar of Ru.
   788 | D:2      | Found a hide-covered altar of Uskayaw.
  1164 | D:$      | Got out of the dungeon alive.

Skill      XL: |  1  2  3 |
---------------+----------+-----
Fighting       | 4 |  4.4
Axes           | 3 |  3.4
Shields        | 4 |  4.1
Armour         | 4 |  4.0
Dodging        | |  0.2

Action                   || total
-------------------------++-------
Melee: War axe           ||    71
       Headbutt          ||     7
  Eat: Chunk             ||     1
Armor: Scale mail        ||    49
Dodge: Dodged            ||    26
Block: Shield            ||    45
